 Dungeon Crawl Stone Soup version 0.30.0-17-ge0270778cf (webtiles) character file.

Game seed: 8567086103468148311

9718 RascalDebosk the Fighter (level 11, -29/87 HPs)
             Began as a Djinni Conjurer on May 21, 2023.
             Was an Initiate of Ashenzari.
             Annihilated by a boulder beetle (37 damage)
             ... on level 10 of the Dungeon.
             The game lasted 01:00:48 (10091 turns).

RascalDebosk the Fighter (Djinni Conjurer)         Turns: 10091, Time: 01:00:49

Health: -29/87     AC: 10    Str: 15    XL:     11   Next: 79%
Gold:   125        EV: 10    Int: 28    God:    Ashenzari [......] SH:  0 Dex:  7

rFire   + + .        J - +5 battleaxe
rCold   . . .        (shield currently unavailable)
rNeg    . . .        A - +0 ring mail "Lufiumuc" {rElec Str+3 Int+3 Dex-4}
rPois   ∞            I - +2 helmet of Ceimarhe {rC+}
rElec   +            k - +0 cloak
rCorr   .            (no gloves)
SInv    .            (boots unavailable)
Will    +....        (no amulet)
Stlth   +            s - +6 ring of strength
HPRegen 0.34/turn    (no ring)
MPRegen 0.00/turn

%: infuse magic (-30 HP)
@: flying
A: sickness immunity, fire resistance 2, cold vulnerability 1, float, innate
caster, HP casting, extra vitality 1
a: Renounce Religion, Curse Item


You were on level 10 of the Dungeon.
You worshipped Ashenzari.
Ashenzari was noncommittal.
You visited 2 branches of the dungeon, and saw 11 of its levels.

You collected 508 gold pieces.
You spent 383 gold pieces at shops.

Inventory:

Hand Weapons
 x - a +2 antimagic rapier
 B - a +5 war axe of freezing
 J - a +5 battleaxe (weapon)
Armour
 k - a +0 cloak (worn)
 u - a +0 robe
 w - a +2 robe of willpower
 A - the +0 ring mail "Lufiumuc" (worn) {rElec Str+3 Int+3 Dex-4}
   (You found it on level 7 of the Dungeon)

   Str:       It affects your strength (+3).
   Int:       It affects your intelligence (+3).
   Dex:       It affects your dexterity (-4).
   rElec:     It insulates you from electricity.
 I - the +2 helmet of Ceimarhe (worn) {rC+}
   (You bought it in a shop on level 5 of the Dungeon)

   rC:        It protects you from cold.
Jewellery
 j - a ring of protection from fire
 s - a +6 ring of strength (left hand)
Wands
 a - a wand of polymorph (7)
 q - a wand of iceblast (20)
 C - a wand of charming (6)
Scrolls
 h - 2 scrolls of poison
 i - 4 scrolls of identify
 m - 2 scrolls of blinking {unknown}
 o - 3 scrolls of amnesia {unknown}
 p - a scroll of enchant armour
 r - a scroll of summoning {unknown}
 t - 6 scrolls of teleportation {unknown}
 y - a scroll of noise {unknown}
 F - 3 scrolls of magic mapping {unknown}
 G - 2 scrolls of immolation {unknown}
 H - a scroll of fear {unknown}
Potions
 b - 2 potions of attraction {unknown}
 c - 2 potions of resistance {unknown}
 d - a potion of mutation {unknown}
 e - 5 potions of curing {unknown}
 f - 3 potions of lignification {unknown}
 g - a potion of experience {unknown}
 l - a potion of flight {unknown}
 n - 2 potions of heal wounds {unknown}
 v - a potion of invisibility {unknown}
 z - a potion of might {unknown}
 D - 2 potions of cancellation {unknown}
 E - a potion of berserk rage {unknown}
 K - 2 potions of haste {unknown}


   Skills:
 * Level 11.0 Fighting
 + Level 2.6 Axes
 - Level 5.4 Armour
 - Level 2.1 Dodging
 - Level 1.5 Stealth
 * Level 9.8 Spellcasting
 + Level 3.0 Evocations


You knew the following spells:

 Your Spells              Type           Power      Damage    Failure   Level
a - Magic Dart            Conj           100%       1d8       1%          1
b - Searing Ray           Conj           100%       2d8       1%          2
c - Dazzling Flash        Conj/Hex       100%       N/A       1%          3
d - Fulminant Prism       Conj/Hex       31%        3d16      1%          4
e - Iskenderun's Mystic   Conj/Tloc      62%        2d13      1%          4
f - Kiss of Death         Conj/Necr      100%       2d13      1%          1
g - Scorch                Fire           100%       2d9       1%          2
h - Static Discharge      Conj/Air       100%       2-7/arc   1%          2
i - Portal Projectile     Hex/Tloc       100%       N/A       1%          3
j - Summon Ice Beast      Ice/Summ       62%        N/A       1%          4
Your spell library was empty.

Dungeon Overview and Level Annotations

Branches:
Dungeon (10/15)            Temple (1/1) D:5             Orc (0/2) D:9
   Lair: D:8-11

Altars:
Ashenzari
Cheibriados
Dithmenos
Elyvilon
Fedhas
Gozag
Hepliaklqana
Makhleb
Okawaru
Qazlal
Ru
Trog
Uskayaw
Wu Jian
Xom
Yredelemnul
Zin
The Shining One

Shops:
D:1 !   D:5 [   D:8 (?


Innate Abilities, Weirdness & Mutations

You are immune to sickness and miasma.
You are immune to poison.
Your flesh is very heat resistant. (rF++)
You are vulnerable to cold. (rC-)
You float through the air rather than walking.
You learn spells naturally, not from books.
Your magical power is your life essence.
You have superior vitality. (+4 MHP)


Message History

Aim: an orc, wielding a +0 hand axe (100% to hit)
The magic dart hits the orc.
The orc is lightly wounded.
The orc warrior shouts!
You hear a shout! x2
Casting: Magic Dart (safe; 1% risk of failure)
Confirm with . or Enter, or press ? or * to list all spells.
Aiming: Magic Dart (safe; 1% risk of failure)
Press: ? - help, Shift-Dir - straight line, f/p - orc
Aim: an orc, wielding a +0 hand axe (lightly wounded, 100% to hit)
The magic dart hits the orc.
The orc is heavily wounded.
* * * LOW HITPOINT WARNING * * *
The orc barely misses you.
Casting: Magic Dart (safe; 1% risk of failure)
Confirm with . or Enter, or press ? or * to list all spells.
Aiming: Magic Dart (safe; 1% risk of failure)
Press: ? - help, Shift-Dir - straight line, f/p - orc
Aim: an orc, wielding a +0 hand axe (heavily wounded, 100% to hit)
The magic dart hits the orc!
You kill the orc!
* * * LOW HITPOINT WARNING * * *
An orc priest comes into view. It is wielding a +0 whip.
An orc wizard comes into view. It is wielding a +0 dagger.
The orc warrior unwields a +0 hand axe.
The orc warrior wields a +0 arbalest.
The orc warrior shoots a bolt.
The bolt closely misses you.
The orc priest shouts!
Casting: Magic Dart (safe; 1% risk of failure)
Confirm with . or Enter, or press ? or * to list all spells.
Aiming: Magic Dart (safe; 1% risk of failure)
Press: ? - help, Shift-Dir - straight line, f - orc warrior
Aim: an orc warrior, wielding a +0 arbalest and wearing a +0 plate armour (100% to hit)
The magic dart hits the orc warrior but does no damage.
* * * LOW HITPOINT WARNING * * *
Casting: Magic Dart (safe; 1% risk of failure)
Confirm with . or Enter, or press ? or * to list all spells.
You erupt in a blast of force!
The mystic blast hits the boulder beetle!
The boulder beetle is lightly wounded.
The boulder beetle is knocked back by the mystic blast.
The mystic blast hits the orc warrior!
The orc warrior is heavily wounded.
The orc warrior is knocked back by the mystic blast.
The orc warrior collides with the boulder beetle!
* * * LOW HITPOINT WARNING * * *
Casting: Iskenderun's Mystic Blast (mildly dangerous; 1% risk of failure)
Confirm with . or Enter, or press ? or * to list all spells.
Aiming: Fulminant Prism (mildly dangerous; 1% risk of failure)
Press: ? - help, Dir - move target, p - orc warrior You conjure a prism of explosive energy!
* * * LOW HITPOINT WARNING * * *
A fulminant prism comes into view.
The orc warrior shoots a bolt.
The bolt barely misses you.
An orc comes into view. It is wielding a +0 hand axe.
The orc warrior shoots a bolt.
The bolt hits you!!
* * * LOW HITPOINT WARNING * * *
Your fulminant prism crackles loudly.
Something hits your fulminant prism.
Your fulminant prism explodes!
The blast of energy engulfs the orc wizard!!
You kill the orc wizard!
The blast of energy engulfs the boulder beetle!!
The boulder beetle is moderately wounded.
You feel a bit more experienced.
The blast of energy engulfs the orc warrior!!
You kill the orc warrior!
You see here a +0 spear.
Casting: Fulminant Prism (mildly dangerous; 1% risk of failure)
Confirm with . or Enter, or press ? or * to list all spells.
Aiming: Fulminant Prism (mildly dangerous; 1% risk of failure)
Press: ? - help, Dir - move target
Okay, then.
Casting: Fulminant Prism (mildly dangerous; 1% risk of failure)
Confirm with . or Enter, or press ? or * to list all spells.
Aiming: Fulminant Prism (mildly dangerous; 1% risk of failure)
Press: ? - help, Dir - move target You conjure a prism of explosive energy!
* * * LOW HITPOINT WARNING * * *
A fulminant prism comes into view.
Your fulminant prism crackles loudly.
The boulder beetle curls into a ball and begins rolling!
Your fulminant prism explodes!
The blast of energy engulfs the boulder beetle!!
The boulder beetle is heavily wounded.
Casting: Fulminant Prism (mildly dangerous; 1% risk of failure)
Confirm with . or Enter, or press ? or * to list all spells.
Aiming: Fulminant Prism (mildly dangerous; 1% risk of failure)
Press: ? - help, Dir - move target You conjure a prism of explosive energy!
* * * LOW HITPOINT WARNING * * *
A fulminant prism comes into view.
You hear the creaking of a portcullis very nearby.
Your fulminant prism crackles loudly.
Casting: Fulminant Prism (mildly dangerous; 1% risk of failure)
Confirm with . or Enter, or press ? or * to list all spells.
You erupt in a blast of force!
The mystic blast hits the boulder beetle but does no damage.
The boulder beetle is heavily wounded.
* * * LOW HITPOINT WARNING * * *
The boulder beetle hits you!!!
You die...

####...##.##...#>.#
#...........#..
#...######.#...#
#...# #.#.#.# ##.##
#.#.#.# ## ...
#.....#### .o #.#
###.####.####.##...
#.###*o...).)..#
#.@B○°)####)).##
######## #.# o. ≈ ∩


You could see a boulder beetle (rolling, ally target), an orc and a friendly
fulminant prism.

Vanquished Creatures
  4 two-headed ogres
  Pikel (D:4)
  A kobold demonologist (D:8)
  A hornet (D:10)
  Eustachio (D:5)
  8 yaks
  2 steam dragons (D:9)
  Duvessa (D:5)
  3 sky beasts
  An ice beast (D:6)
  3 orc warriors
  3 black bears
  An ogre (D:4)
  2 centaurs (D:8)
  2 lemures (D:4)
  4 kobold brigands
  3 bullfrogs
  6 scorpions
  2 gnoll sergeants
  Dowan (D:5)
  14 wights
  6 killer bees (D:8)
  3 howler monkeys
  A lava snake (D:9)
  2 quasits (D:6)
  2 gnoll boudas
  2 jellies
  9 orc priests
  8 hounds
  A sleepcap (D:6)
  Ijyb (D:4)
  Natasha (thrice) (D:4)
  10 orc wizards
  17 gnolls
  7 adders
  5 shadow imps
  A white imp (D:6)
  6 ufetubi (D:6)
  2 worms
  4 dart slugs
  55 orcs
  4 endoplasms
  2 giant cockroaches
  13 goblins
  4 hobgoblins
  6 jackals
  34 kobolds
  3 quokkas
  6 ball pythons
  5 bats
  5 frilled lizards
  6 rats
297 creatures vanquished.

Vanquished Creatures (others)
  An adder (D:5)
  45 fulminant prisms
46 creatures vanquished.

Grand Total: 343 creatures vanquished

Notes
Turn   | Place    | Note
-------+----------+-------------------------------------------
     0 | D:1      | RascalDebosk the Djinni Conjurer began the quest for the
                  | Orb.
     0 | D:1      | RascalDebosk set off with the following spells memorised:
                  | Magic Dart, Searing Ray, Dazzling Flash, Fulminant Prism,
                  | Iskenderun's Mystic Blast.
     0 | D:1      | Reached XP level 1. HP: 15/15 MP: 0/0
    41 | D:1      | Reached XP level 2. HP: 8/21 MP: 0/0
   180 | D:1      | Reached XP level 3. HP: 19/25 MP: 0/0
   180 | D:1      | Learned a level 1 spell: Kiss of Death
   555 | D:1      | Found Todet's Distillery.
   569 | D:1      | Bought a potion of degeneration for 13 gold pieces
   966 | D:2      | Reached XP level 4. HP: 29/31 MP: 0/0
   973 | D:2      | Reached XP level 5. HP: 23/36 MP: 0/0
   973 | D:2      | Learned a level 2 spell: Scorch
   982 | D:2      | Reached skill level 1 in Fighting
  1099 | D:2      | Found a faded altar of an unknown god.
  1142 | D:2      | Reached skill level 1 in Armour
  2276 | D:3      | Reached skill level 2 in Fighting
  2276 | D:3      | Reached XP level 6. HP: 41/43 MP: 0/0
  2784 | D:4      | Noticed a black bear
  2791 | D:4      | Killed a black bear
  2792 | D:4      | Reached skill level 5 in Spellcasting
  2820 | D:4      | Noticed Ijyb
  2826 | D:4      | Killed Ijyb
  2827 | D:4      | Reached skill level 3 in Fighting
  2931 | D:4      | Noticed Natasha
  2932 | D:4      | Reached XP level 7. HP: 24/50 MP: 0/0
  2932 | D:4      | Learned a level 2 spell: Static Discharge
  3027 | D:4      | Killed Natasha
  3054 | D:4      | Noticed Natasha
  3058 | D:4      | Killed Natasha
  3067 | D:4      | Noticed Natasha
  3071 | D:4      | Killed Natasha
  3268 | D:4      | Noticed Pikel
  3274 | D:4      | Killed Pikel
  3275 | D:4      | Reached skill level 4 in Fighting
  3275 | D:4      | Reached XP level 8. HP: 47/58 MP: 0/0
  3327 | D:4      | Found a basalt altar of Yredelemnul.
  3424 | D:4      | Reached skill level 5 in Fighting
  3645 | D:5      | Entered Level 5 of the Dungeon
  3647 | D:5      | Identified the +5 spear of the Stopping Dove {holy, rPois}
  3913 | D:5      | Noticed Dowan
  3915 | D:5      | Noticed Duvessa
  3971 | D:5      | Killed Duvessa
  4010 | D:5      | Killed Dowan
  4045 | D:5      | Noticed Eustachio
  4054 | D:5      | Reached skill level 6 in Fighting
  4054 | D:5      | Reached XP level 9. HP: 41/66 MP: 0/0
  4054 | D:5      | Learned a level 3 spell: Portal Projectile
  4062 | D:5      | Killed Eustachio
  4673 | D:5      | Found Puivikla's Armour Emporium.
  4876 | D:5      | Found a glowing golden altar of the Shining One.
  4903 | D:5      | Found a staircase to the Ecumenical Temple.
  4912 | Temple   | Entered the Ecumenical Temple
  4915 | Temple   | Became a worshipper of Ashenzari the Shackled
  4988 | D:6      | HP: 2/67 [white imp/puff of frost (4)]
  5199 | D:6      | Reached skill level 7 in Fighting
  5941 | D:6      | Reached skill level 8 in Fighting
  6069 | D:6      | Reached XP level 10. HP: 53/76 MP: 0/0
  6544 | D:7      | Identified the +0 robe of Shadows and Fog {Will+}
  6548 | D:7      | Identified the +0 ring mail "Lufiumuc" {rElec Str+3 Int+3
                  | Dex-4}
  7070 | D:7      | Identified the +8 hand axe "Tinejex" {pain, Dex+7}
  7511 | D:8      | Reached skill level 9 in Fighting
  7710 | D:8      | Found Icysh's Weapon Shop.
  7829 | D:8      | Noticed a kobold demonologist
  7830 | D:8      | Reached skill level 5 in Armour
  7835 | D:8      | Killed a kobold demonologist
  8201 | D:5      | Bought the +2 helmet of Ceimarhe {rC+} for 370 gold pieces
  8375 | D:8      | Found Miono's Magic Scroll Emporium.
  8580 | D:8      | Upgraded the game from 0.30.0-16-gbe6223bb7e to
                  | 0.30.0-17-ge0270778cf
  8738 | D:9      | Reached XP level 11. HP: 63/85 MP: 0/0
  8738 | D:9      | Learned a level 4 spell: Summon Ice Beast
  8756 | D:9      | Reached skill level 10 in Fighting
  8945 | D:9      | Noticed a two-headed ogre
  8945 | D:9      | Noticed a two-headed ogre
  8948 | D:9      | Killed a two-headed ogre
  8949 | D:9      | Reached skill level 1 in Evocations
  8949 | D:9      | Killed a two-headed ogre
  8950 | D:9      | Reached skill level 1 in Axes
  9428 | D:9      | Noticed a two-headed ogre
  9435 | D:9      | Killed a two-headed ogre
  9509 | D:9      | Found a staircase to the Orcish Mines.
  9887 | D:10     | Entered Level 10 of the Dungeon
 10008 | D:10     | Identified the +8 shortbow of Mamedgh {drain, *Corrode
                  | rN+++ Str+3 Int+4}
 10033 | D:10     | Noticed a two-headed ogre
 10043 | D:10     | Killed a two-headed ogre
 10044 | D:10     | Reached skill level 11 in Fighting
 10074 | D:10     | Noticed a boulder beetle
 10091 | D:10     | Annihilated by a boulder beetle

Illustrated notes

Levels and vault maps discovered:
D:1:      wander_arrival_chamber, layout_basic, serial_shops, shop,
          minmay_misc_feat_diagonals, minmay_three_crescents
D:2:      cheibrodos_pilgrimage, layout_basic,
          shapermc_ecumenical_altar_mp_ritualfount
D:3:      layout_basic, dk_noncrumbling_2
D:4:      layout_rooms, nicolae_overflow_hidden_temple, st_stairs_1,
          serial_park_tiny_2, uniq_ijyb, uniq_natasha, uniq_pikel
D:5:      layout_basic, tso_oasis_becter, lemuel_temple_firewalk_a,
          serial_shops, kennysheep_little_box, hangedman_decor_lopped,
          uniq_eustachio, uniq_duvessa
D:6:      layout_loops_ring, serial_demonic, serial_demonic_e, serial_demonic_e,
          serial_demonic_e, serial_demonic_d, serial_demonic_f,
          serial_demonic_c, serial_demonic_b
D:7:      layout_basic, kennysheep_generic_room_7
D:8:      layout_rooms, serial_shops, nicolae_shop_statue_plus,
          nicolae_shop_tiny_waterfront
D:9:      layout_gridville, hiddenorc1_lemuel, kennysheep_small_spiral
D:10:     layout_loops_cross, mainiacjoe_overflow_divided_tiny, tgw_sif,
          enter_bailey_5
Temple:   sentei_temple_godly_chess

Skill      XL: |  1  2  3  4  5  6  7  8  9 10 11 |
---------------+----------------------------------+-----
Spellcasting   | 4 5 6 7 9 |  9.8
Fighting       | 2 3 4 6 8 9 11 | 11.0
Armour         | 1 2 3 4 5 |  5.4
Evocations     | 3 |  3.0
Axes           | 2 |  2.6
Dodging        | |  2.1
Stealth        | |  1.5

Action                     |  1- 3 |  4- 6 |  7- 9 | 10-12 || total
---------------------------+-------+-------+-------+-------++-------
  Melee: Short sword       |     1 |     6 |       |       ||     7
         Dagger            |       |    15 |       |       ||    15
         War axe           |       |       |       |    19 ||    19
         Punch             |       |       |       |     1 ||     1
   Cast: Magic Dart        |    68 |    60 |    94 |   117 ||   339
         Fulminant Prism   |       |     5 |    14 |    27 ||    46
         Scorch            |       |     5 |    18 |       ||    23
         Iskenderun's Myst |       |     7 |    24 |    49 ||    80
         Searing Ray       |       |     3 |    25 |    31 ||    59
         Summon Ice Beast  |       |       |       |     1 ||     1
    Use: Scroll            |       |       |     3 |       ||     3
   Stab: Sleeping          |       |     2 |       |       ||     2
 Armour: Robe              |     1 |       |     8 |       ||     9
         Ring mail         |       |       |       |    27 ||    27
  Dodge: Dodged            |    10 |     9 |    23 |    39 ||    81
